 Dungeon Crawl Stone Soup version 0.27.0-1-g7a089689b8 (webtiles) character file.

Game seed: 3103624127942328548

50714 sasquatch the Arsonist (level 13, -3/86 HPs)
             Began as a Demigod Fire Elementalist on Aug 6, 2021.
             Slain by a death yak (23 damage)
             ... on level 5 of the Lair of Beasts.
             The game lasted 01:10:03 (24712 turns).

sasquatch the Arsonist (Demigod Fire Elementalist) Turns: 24712, Time: 01:10:04

Health: -3/86      AC: 11    Str: 12    XL:     13   Next: 86%
Magic:  31/31      EV: 12    Int: 30    God:
Gold:   590        SH:  0    Dex: 17    Spells: 8/31 levels left

rFire    + . .     SeeInvis .   J - staff of conjuration
rCold    . . .     Faith    .   (no shield)
rNeg     + . .     Spirit   .   j - +2 robe {Archmagi}
rPois    +         Reflect  .   X - +2 hat
rElec    .         Harm     .   e - +2 ratskin cloak {*Rats rPois rN+ Str-1 Int-1 Dex+1}
rCorr    .         Rampage  .   (no gloves)
Will     +++..     Archmagi +   Y - +1 pair of boots of the Hall of Blades {Will++}
Stlth    ++........             M - amulet of magic regeneration
HPRegen  0.24/turn              a - ring of fire
MPRegen  0.47/turn              P - ring of protection from cold

@: unable to read
A: high mp 1, forlorn, agile 1, clever 1, screaming 1, inability to read while
threatened
a: no special abilities


You were on level 5 of the Lair of Beasts.
You visited 2 branches of the dungeon, and saw 19 of its levels.

You collected 1162 gold pieces.
You spent 572 gold pieces at shops.

Inventory:

Missiles
 c - 3 throwing nets
 D - 5 curare-tipped darts
Armour
 e - the +2 ratskin cloak (worn) {*Rats rPois rN+ Str-1 Int-1 Dex+1}
   (You found it on level 12 of the Dungeon)

   When the wearer is hurt, rats may emerge from it to assist them.
   Str:       It affects your strength (-1).
   Int:       It affects your intelligence (-1).
   Dex:       It affects your dexterity (+1).
   rPois:     It protects you from poison.
   rN:        It protects you from negative energy.
 j - a +2 robe of the Archmagi (worn)
 w - a scarf of harm
 C - the +0 cloak of Salvation {rF+ Str+4 Dex+7}
   (You found it on level 1 of the Lair of Beasts)

   Str:       It affects your strength (+4).
   Dex:       It affects your dexterity (+7).
   rF:        It protects you from fire.
 G - a scarf of repulsion
 N - a +2 buckler
 U - a +2 cloak of preservation
 X - a +2 hat (worn)
 Y - the +1 pair of boots of the Hall of Blades (worn) {Will++}
   (You found it on level 4 of the Lair of Beasts)

   Will:      It greatly increases your willpower.
Magical Staves
 x - a staff of fire
 J - a staff of conjuration (weapon)
Jewellery
 a - a ring of fire (left hand)
 u - a ring of ice
 M - an amulet of magic regeneration (around neck)
 P - a ring of protection from cold (right hand)
Wands
 v - a wand of polymorph (14)
 E - a wand of paralysis (11)
 H - a wand of flame (34)
 O - a wand of iceblast (24)
 Q - a wand of charming (17)
 T - a wand of acid (4)
 V - a wand of digging (6)
 W - a wand of mindburst (9)
Scrolls
 f - 2 scrolls of fear
 g - 10 scrolls of teleportation
 h - a scroll of vulnerability
 o - a scroll of brand weapon
 q - 2 scrolls of amnesia
 r - a scroll of fog
 s - 3 scrolls of enchant armour
 y - 5 scrolls of enchant weapon
 I - 3 scrolls of magic mapping
 K - 2 scrolls of silence
 R - 2 scrolls of holy word
Potions
 b - a potion of cancellation
 d - a potion of haste
 i - 4 potions of lignification
 l - 6 potions of curing
 n - a potion of might
 p - 2 potions of magic
 t - 4 potions of invisibility
 z - 4 potions of brilliance
 A - 2 potions of flight
 B - a potion of resistance
 F - 3 potions of attraction
 L - 3 potions of berserk rage
 Z - 2 potions of ambrosia


   Skills:
 - Level 1.7 Dodging
 - Level 1.7 Stealth
 + Level 9.8 Spellcasting
 * Level 14.2 Conjurations
 * Level 14.4 Fire Magic


You had 8 spell levels left.
You knew the following spells:

 Your Spells              Type           Power      Damage    Failure   Level
a - Foxfire               Conj/Fire      100%       2x1d9     0%          1
b - Inner Flame           Hex/Fire       92%        N/A       1%          3
c - Conjure Flame         Conj/Fire      100%       6-21      1%          3
d - Sticky Flame          Conj/Fire      100%       2d11      1%          4
e - Orb of Destruction    Conj           61%        9d17      9%          7
f - Fireball              Conj/Fire      74%        3d28      1%          5

Your spell library contained the following spells:

 Spells                   Type           Power      Damage    Failure   Level
 Mephitic Cloud           Conj/Pois/Air  77%        N/A       1%          3
 Iskenderun's Battlesphe  Conj           100%       2d15      1%          5
 Pain                     Necr           88%        1d8       3%          1
 Sting                    Tmut/Pois      88%        1d7       3%          1
 Poisonous Vapours        Pois/Air       44%        N/A       5%          2
 Lightning Bolt           Conj/Air       45%        1d65      5%          5
 Portal Projectile        Hex/Tloc       44%        N/A       11%         3
 Vampiric Draining        Necr           11%        2d7       11%         3
 Conjure Ball Lightning   Conj/Air       45%        3x3d16    30%         6
 Olgreb's Toxic Radiance  Pois           22%        N/A       34%         4
 Blade Hands              Tmut           11%        N/A       69%         5
 Excruciating Wounds      Necr           11%        N/A       69%         5
 Infestation              Necr           11%        N/A       100%        8


Dungeon Overview and Level Annotations

Branches:
Dungeon (13/15)            Temple (0/1) D:6            Lair (6/6) D:11
  Swamp (0/4) Lair:2       Spider (0/4) Lair:2          Orc (0/2) D:12
  Slime: Lair:5-6    Vaults: D:13-14

Shops:
D:4 (   D:5 !   D:6 *?*:[   D:8 (   D:11 [

Annotations:
D:10 exclusion: downstairs
D:11 exclusion: orange crystal statue
Lair:2 1 runed translucent door


Innate Abilities, Weirdness & Mutations

Your attributes grow dramatically as you level up.
You have an increased reservoir of magic. (+10% MP)
You shall have no god before yourself.
You are agile. (Dex +2)
Your mind is acute. (Int +2)
You occasionally shout uncontrollably at your foes.
You sometimes lose the ability to read scrolls when taking damage.


Message History

The cane toad stings you!
You are poisoned.
The cane toad poisons you! The death yak gores you!!
* * * LOW HITPOINT WARNING * * *
Okay, then.
You feel better. The cane toad stings you!
* * * LOW HITPOINT WARNING * * *
The death yak misses you. The death yak closely misses you.
You feel much better. The cane toad closely misses you.
The death yak gores you but does no damage.
The death yak closely misses you. The cane toad stings you!
The cane toad closely misses you.
You see here a death yak corpse.
Casting: Sticky Flame (safe; 1% risk of failure)
Confirm with . or Enter, or press ? or * to list all spells.
Aiming: Fireball (mildly dangerous; 1% risk of failure)
Press: ? - help, Shift-Dir - straight line, f - death yak
Aim: a death yak You feel a huge surge of power!
The fireball explodes!
The fireball engulfs the death yak!!!
The death yak is heavily wounded.
The fireball engulfs the death yak!!
The death yak is moderately wounded.
The fireball engulfs the cane toad!!!!
You kill the cane toad!
Casting: Fireball (mildly dangerous; 1% risk of failure)
Confirm with . or Enter, or press ? or * to list all spells.
Aiming: Fireball (mildly dangerous; 1% risk of failure)
Press: ? - help, Shift-Dir - straight line, p - death yak You feel a huge surge of power!
The fireball explodes!
The fireball engulfs the death yak!!
The death yak is almost dead.
The fireball engulfs the death yak!!
The death yak is heavily wounded.
The death yak gores you!!
* * * LOW HITPOINT WARNING * * *
You can read scrolls again.
The death yak gores you!!
You feel threatened and lose the ability to read scrolls!
You die...

P.#..###.##......#######....#.#..
.)......#.##......#....##....#...
.[........+......................
........#..⌠.....⌠..>..⌠.....⌠...
..............................+..
.........##.#...#.....#.#...###..
.#..##.#.####.....#######....##..
#.######## #.#...## ###...####..
.#### ##..#.@.####....## #..
##..#### #.##.#Y...⌠....## ##.#
.......#######.##Y......## ##...
......##.######.#.#.>.### ###....
...÷..÷÷(.##.......###### #......
.......#÷.......##..#.#.###......
......###.#.##...................
..P.(.####)######.P.#P.#.........
.P..##.# ### ###########......


You could see 2 death yaks.

Vanquished Creatures
  Rupert (Lair:3)
  Gastronok (Lair:1)
  The ghost of Bananafolds the Cleaver, a journeyman DrAE of Elyvilon (D:12)
  Josephine (D:10)
  An ice dragon (D:12)
  Harold (D:9)
  6 hydras
  2 death yaks
  A two-headed ogre (D:8)
  Sonja (Lair:3)
  Nergalle (Lair:1)
  3 swamp dragons (Lair:1)
  3 deep elf zephyrmancers (D:11)
  An orc knight (D:12)
  6 deep elf pyromancers (D:11)
  A manticore (D:12)
  6 elephants (Lair:5)
  4 black mambas
  Joseph (D:8)
  Maggie (D:10)
  2 gargoyles (D:12)
  Psyche (D:9)
  9 cane toads
  7 komodo dragons
  3 rime drakes
  2 ice devils (D:12)
  5 trolls
  2 polar bears
  Prince Ribbit (D:5)
  5 blink frogs (Lair:5)
  A meliai zombie (D:11)
  5 centaur simulacra (D:12)
  2 water elementals (D:12)
  A vampire (D:11)
  Sigmund (D:4)
  A shadow (D:12)
  14 yaks
  5 wraiths (D:10)
  2 basilisks
  9 wyverns
  4 steam dragons
  Grum (D:9)
  5 vampire mosquitoes (D:11)
  An acid dragon (D:11)
  2 wargs (D:11)
  20 water moccasins
  5 orc warriors
  A sky beast (D:5)
  A meliai simulacrum (D:12)
  2 necrophages
  A black bear (D:6)
  3 ogres
  18 wolves
  3 centaurs
  5 kobold brigands
  15 bullfrogs
  A gnoll sergeant (D:10)
  6 scorpions
  8 killer bees
  9 wights
  8 howler monkeys
  4 electric eels
  3 centaur zombies
  A jelly (D:6)
  A centaur skeleton (D:6)
  4 hounds
  Crazy Yiuf (D:3)
  8 orc priests
  A bullfrog skeleton (D:6)
  Jessica (D:3)
  Ijyb (D:4)
  15 orc wizards
  Natasha (thrice) (D:3)
  A killer bee zombie (D:6)
  A howler monkey skeleton (D:5)
  A howler monkey zombie (D:6)
  14 gnolls
  7 adders
  A river rat (D:3)
  A shadow imp (D:6)
  3 adder skeletons (D:4)
  4 worms
  A dart slug (D:2)
  46 orcs
  10 ball pythons
  13 endoplasms
  8 giant cockroaches
  15 goblins
  13 hobgoblins
  3 jackals (D:1)
  3 quokkas
  4 bats
  2 frilled lizards
  35 kobolds
  5 rats
474 creatures vanquished.

Vanquished Creatures (collateral kills)
  An ice devil (D:12)
  A centaur simulacrum (D:12)
  A basilisk (Lair:3)
  5 foxfires
8 creatures vanquished.

Vanquished Creatures (others)
  An orc wizard (D:12)
  A bush (Lair:2)
  796 foxfires
  18 fungi
  55 plants
  9 toadstools (Lair:2)
880 creatures vanquished.

Grand Total: 1362 creatures vanquished

Notes
Turn   | Place    | Note
-------+----------+-------------------------------------------
     0 | D:1      | sasquatch the Demigod Fire Elementalist began the quest for
                  | the Orb.
     0 | D:1      | Reached XP level 1. HP: 14/14 MP: 5/5
    30 | D:1      | Reached skill level 1 in Conjurations
   443 | D:1      | Reached XP level 2. HP: 20/20 MP: 1/7
  1591 | D:2      | Reached XP level 3. HP: 23/26 MP: 2/8
  1600 | D:1      | Learned a level 3 spell: Inner Flame
  3038 | D:3      | Found a glowing drain.
  3048 | D:3      | Reached XP level 4. HP: 33/33 MP: 4/10
  3052 | D:3      | Learned a level 3 spell: Conjure Flame
  3382 | D:3      | Noticed an ogre
  3382 | D:3      | Noticed Natasha
  3475 | D:3      | Noticed Jessica
  3479 | D:3      | Killed Jessica
  3480 | D:3      | Reached XP level 5. HP: 38/38 MP: 8/11
  3726 | D:3      | Saw a vision of the Swamp and the Spider Nest.
  3726 | D:3      | Noticed a hornet
  3726 | D:3      | Noticed a redback
  3728 | D:3      | Noticed a swamp drake
  3728 | D:3      | Noticed a wolf spider
  3729 | D:3      | Noticed a redback
  3779 | D:3      | Killed Natasha
  3957 | D:3      | Noticed Natasha
  3960 | D:3      | Killed Natasha
  4064 | D:3      | Found a runed translucent door.
  4065 | D:3      | Noticed Crazy Yiuf
  4118 | D:3      | Noticed Natasha
  4127 | D:3      | Killed Natasha
  4205 | D:3      | Killed an ogre
  4206 | D:3      | Reached XP level 6. HP: 45/45 MP: 5/13
  4455 | D:3      | Gained mutation: You sometimes lose the ability to read
                  | scrolls when taking damage. [potion of mutation]
  4455 | D:3      | Gained mutation: You have a pair of small horns on your
                  | head. [potion of mutation]
  4455 | D:3      | Gained mutation: You are weak. (Str -2) [potion of
                  | mutation]
  4459 | D:3      | Killed Crazy Yiuf
  4460 | D:3      | Lost mutation: You have a pair of small horns on your head.
                  | [potion of mutation]
  4460 | D:3      | Lost mutation: You are weak. (Str -2) [potion of mutation]
  4460 | D:3      | Gained mutation: You occasionally shout uncontrollably at
                  | your foes. [potion of mutation]
  4460 | D:3      | Gained mutation: You are agile. (Dex +2) [potion of
                  | mutation]
  4460 | D:3      | Gained mutation: Your mind is acute. (Int +2) [potion of
                  | mutation]
  4474 | D:3      | Learned a level 4 spell: Sticky Flame
  4676 | D:4      | Noticed Sigmund
  4685 | D:4      | Killed Sigmund
  4686 | D:4      | Reached skill level 5 in Fire Magic
  4688 | D:4      | Noticed Ijyb
  4807 | D:4      | Killed Ijyb
  5093 | D:4      | Found Litoic's Weapon Shop.
  5677 | D:4      | Reached XP level 7. HP: 50/50 MP: 9/15
  5877 | D:5      | Entered Level 5 of the Dungeon
  6475 | D:5      | Reached skill level 5 in Conjurations
  6574 | D:5      | Noticed Prince Ribbit
  6856 | D:5      | Found Plog's Distillery.
  6859 | D:5      | Bought a potion of invisibility for 104 gold pieces
  6859 | D:5      | Bought a potion of curing for 39 gold pieces
  6859 | D:5      | Bought a potion of brilliance for 52 gold pieces
  6954 | D:5      | Bought a potion of flight for 39 gold pieces
  7474 | D:6      | Found Bihihats's Magic Scroll Shoppe.
  7482 | D:6      | Reached XP level 8. HP: 57/57 MP: 11/17
  7655 | D:5      | Killed Prince Ribbit
  8008 | D:6      | Found a staircase to the Ecumenical Temple.
  8040 | D:6      | Learned a level 5 spell: Fireball
  8134 | D:6      | Found Valiteupt's Assorted Antiques.
  8410 | D:6      | Bought a wooden wand for 80 gold pieces
  8534 | D:6      | Found Bennao's General Store.
  8574 | D:6      | Found Iberom's Book Shop.
  8900 | D:6      | Found Idghab's Armour Shoppe.
  9434 | D:7      | Reached XP level 9. HP: 62/62 MP: 10/19
  9579 | D:7      | Reached skill level 5 in Spellcasting
 10560 | D:8      | Found Jevafymp's Antique Weapon Shop.
 10597 | D:8      | Noticed a two-headed ogre
 10604 | D:8      | Killed a two-headed ogre
 11071 | D:8      | You fall into a shaft and drop 1 floor!
 11556 | D:9      | Noticed Harold
 11565 | D:9      | Killed Harold
 11566 | D:9      | Reached XP level 10. HP: 69/69 MP: 3/22
 11769 | D:9      | Noticed Psyche
 11771 | D:9      | Killed Psyche
 11791 | D:9      | Noticed Grum
 12498 | D:10     | Entered Level 10 of the Dungeon
 12563 | D:9      | Killed Grum
 12714 | D:10     | Reached skill level 10 in Fire Magic
 13364 | D:10     | Reached skill level 10 in Conjurations
 13390 | D:10     | Noticed Josephine
 13394 | D:10     | Killed Josephine
 13715 | D:10     | Reached XP level 11. HP: 74/74 MP: 15/25
 13736 | D:10     | Learned a level 7 spell: Orb of Destruction
 14046 | D:6      | Bought a +2 cloak of preservation for 258 gold pieces
 14256 | D:8      | Noticed Joseph
 14258 | D:8      | Killed Joseph
 14977 | D:10     | Noticed Maggie
 14981 | D:10     | Killed Maggie
 15474 | D:11     | Noticed an orange crystal statue
 15620 | D:11     | Noticed a deep elf pyromancer
 15622 | D:11     | Noticed a deep elf pyromancer
 15623 | D:11     | Noticed a deep elf pyromancer
 15624 | D:11     | Killed a deep elf pyromancer
 15626 | D:11     | Noticed a deep elf zephyrmancer
 15626 | D:11     | Noticed a deep elf pyromancer
 15628 | D:11     | Noticed a deep elf zephyrmancer
 15630 | D:11     | Noticed a deep elf zephyrmancer
 15631 | D:11     | Killed a deep elf pyromancer
 15631 | D:11     | Killed a deep elf pyromancer
 15791 | D:11     | Killed a deep elf zephyrmancer
 15791 | D:11     | Noticed a deep elf zephyrmancer
 15794 | D:11     | Killed a deep elf zephyrmancer
 16257 | D:11     | Killed a deep elf pyromancer
 16320 | D:11     | Noticed a deep elf pyromancer
 16323 | D:11     | Killed a deep elf pyromancer
 16359 | D:11     | Killed a deep elf zephyrmancer
 16588 | D:11     | Noticed a deep elf pyromancer
 16590 | D:11     | Killed a deep elf pyromancer
 16772 | D:11     | Found Hot Kim's Armour Boutique.
 16976 | D:11     | Found a staircase to the Lair.
 17272 | D:11     | You fall into a shaft and drop 2 floors!
 17507 | D:12     | Noticed Bananafolds's ghost (journeyman DrAE)
 17508 | D:12     | Found the +2 ratskin cloak {*Rats rPois rN+ Str-1 Int-1
                  | Dex+1}
 17843 | D:12     | Found a runed translucent gate.
 17843 | D:12     | Found a runed translucent gate.
 17843 | D:12     | Found a runed translucent gate.
 17886 | D:12     | Noticed an ice dragon
 17938 | D:12     | Reached XP level 12. HP: 81/81 MP: 22/28
 18337 | D:12     | Found a staircase to the Orcish Mines.
 18684 | D:12     | Killed an ice dragon
 18782 | D:12     | Killed Bananafolds's ghost
 19104 | Lair:1   | Entered Level 1 of the Lair of Beasts
 19104 | Lair:1   | Noticed Gastronok
 19109 | Lair:1   | Killed Gastronok
 19303 | Lair:1   | Identified the +0 scale mail "Mefer" {Will+}
 19434 | Lair:1   | Noticed Nergalle
 19436 | Lair:1   | Killed Nergalle
 19596 | Lair:1   | Noticed a seven-headed hydra
 19599 | Lair:1   | Killed a seven-headed hydra
 19633 | Lair:1   | Found a transporter.
 19828 | Lair:1   | Found a transporter.
 20232 | Lair:1   | Identified the +0 cloak of Salvation {rF+ Str+4 Dex+7}
 20516 | Lair:2   | Found a staircase to the Swamp.
 20582 | Lair:2   | Reached XP level 13. HP: 67/86 MP: 12/30
 20872 | Lair:2   | Found a hole to the Spider Nest.
 21037 | Lair:2   | Found a runed translucent door.
 21614 | Lair:3   | Noticed Rupert
 21621 | Lair:3   | Killed Rupert
 21702 | Lair:3   | Noticed Sonja
 21711 | Lair:3   | Killed Sonja
 22718 | Lair:4   | Identified the +1 pair of boots of the Hall of Blades
                  | {Will++}
 23952 | Lair:5   | Got the Grimoire of Lightness and Darkness
 24394 | Lair:6   | Entered Level 6 of the Lair of Beasts
 24712 | Lair:5   | Slain by a death yak

Illustrated notes

Levels and vault maps discovered:
D:1:      sevenhm_arrival_forest_fort_small_6, layout_loops_corners,
          shapermc_ecumenical_altar_totnotflames
D:2:      minmay_door_path, layout_basic
D:3:      layout_rooms, grunt_ashenzari_visionary
          [grunt_ashenzari_visionary_swamp, grunt_ashenzari_visionary_spider],
          cheibrodos_sewer_entry_sluice, kennysheep_generic_room_6,
          uniq_natasha, uniq_crazy_yiuf_cottage, uniq_jessica
D:4:      layout_loops_ring, grunt_temple_overflow_forces_of_nature,
          mainiacjoe_overflow_brackets, serial_shops, shop, corner_web_ring,
          uniq_ijyb, uniq_sigmund
D:5:      corexii_shantytown, layout_cave_pods, lemuel_crystal_altar,
          serial_shops, nicolae_shop_behind_doors, uniq_prince_ribbit1
D:6:      layout_basic, nzn_wu_jian_council_hall, minmay_temple_entry_offerings,
          serial_shops, shop_statue, nicolae_diamond_shop,
          nicolae_inconvenience_store, nicolae_square_shop,
          nicolae_shop_temple_entry_statues_fountains
D:7:      layout_gridville, mainiacjoe_overflow_six_doors_small
D:8:      layout_layer_cave, minitemple, serial_shops, shop, uniq_joseph
D:9:      layout_irregular_city, uniq_psyche, uniq_harold, uniq_grum
D:10:     layout_basic, kennysheep_okawaru_gauntlet, old_standard_altar,
          hangedman_decor_slide_cut, uniq_maggie, uniq_josephine
D:11:     layout_gridville, erik_lair_orcish_takeover, serial_shops, shop,
          minivault_16, elves_outpost_lemuel
D:12:     layout_stronghold, erik_orc_2, gammafunk_ghost_icy
D:13:     layout_loops_corners, uniq_urug
Lair:1:   gammafunk_cloud_chamber, layout_cave_pods, grunt_megastairs_1,
          serial_bayou_shore_a, uniq_gastronok, uniq_nergalle
Lair:2:   gammafunk_lair_enchanted_lake, layout_loops_ring, swamp_mist_pool,
          nicolae_spider_entry_non_spiders, serial_bayou_pond_c,
          chequers_serial_rivers_room_b
Lair:3:   layout_hall_layers, serial_bayou_shore_b, uniq_rupert, uniq_sonja
Lair:4:   layout_hall_layers
Lair:5:   layout_roguey, serial_bayou_lake_a, grunt_megastairs_5
Lair:6:   minmay_lair_end_frog_pond, layout_long_grid, slime_altar_1

Skill      XL: |  1  2  3  4  5  6  7  8  9 10 11 12 13 |
---------------+----------------------------------------+-----
Conjurations   | 1 2 3 4 5 7 8 10 11 13 14 | 14.2
Fire Magic     | 3 4 5 6 7 9 10 12 13 14 | 14.4
Spellcasting   | 2 3 4 5 6 7 9 |  9.8
Dodging        | |  1.7
Stealth        | |  1.7

Action                   |  1- 3 |  4- 6 |  7- 9 | 10-12 | 13-15 || total
-------------------------+-------+-------+-------+-------+-------++-------
Melee: Unarmed           |     5 |       |       |       |       ||     5
       Short sword       |     2 |       |       |       |       ||     2
       Dagger            |     3 |     4 |     4 |       |       ||    11
       Staff             |       |       |     4 |     6 |     3 ||    13
Throw: Dart              |       |     6 |       |       |       ||     6
 Cast: Foxfire           |    88 |   100 |   190 |   116 |    16 ||   510
       Conjure Flame     |       |     2 |     1 |       |       ||     3
       Sticky Flame      |       |     2 |    31 |    41 |    17 ||    91
       Fireball          |       |       |     6 |   139 |    92 ||   237
  Use: Potion            |       |     2 |     1 |     3 |     2 ||     8
       Scroll            |       |       |     6 |    15 |     5 ||    26
 Stab: Sleeping          |       |     1 |     2 |       |       ||     3
Armor: Robe              |     4 |    12 |     7 |    48 |    18 ||    89
Dodge: Dodged            |    11 |    27 |    43 |    93 |    27 ||   201
       Repelled          |       |       |     1 |     1 |       ||     2
